 Dungeon Crawl Stone Soup version 0.22-a0-756-gc33bbe721d (webtiles) character file.

14679 Chiseanne the Nimble (level 11, -2/90 HPs)
             Began as a Demonspawn Wizard on July 16, 2018.
             Was an Initiate of Gozag.
             Slain by an ettin
             ... wielding a +0 dire flail
              (28 damage)
             ... on level 2 of the Orcish Mines.
             The game lasted 00:53:08 (17755 turns).

Chiseanne the Nimble (Demonspawn Wizard)           Turns: 17755, Time: 00:53:09

Health: -2/90      AC: 18    Str: 15    XL:     11   Next: 91%
Magic:  21/21      EV: 13    Int: 23    God:    Gozag
Gold:   716        SH:  6    Dex: 12    Spells: 6/24 levels left

rFire    + . .     SeeInvis +   d - +2 rapier (elec)
rCold    + + +     Gourm    .   S - +1 buckler {rF+}
rNeg     . . .     Faith    .   N - +0 scale mail of Anarchy {*Contam rC+++ Str+7 Dex-2} (curse)
rPois    .         Spirit   .   R - +0 helmet {SInv}
rElec    .         Reflect  .   c - +2 cloak {+Inv}
rCorr    .         Harm     +   (no gloves)
MR       .....                  P - +1 pair of boots {Stlth+}
Stlth    +.........             j - amulet of harm
HPRegen  0.25/turn              m - +1 ring of protection
MPRegen  0.17/turn              A - +3 ring of dexterity

@: gold aura
A: talons 1, rugged brown scales 3, spiny 3
a: Potion Petition, Call Merchant, Bribe Branch, Renounce Religion, Evoke
Invisibility


You were on level 2 of the Orcish Mines.
You worshipped Gozag.
Gozag was pleased with you.
You were not hungry.

You visited 3 branches of the dungeon, and saw 13 of its levels.

You collected 3045 gold pieces.
You spent 1152 gold pieces at shops.
You paid 1177 gold pieces to Gozag.

Inventory:

Hand Weapons
 a - a +3 morningstar of protection
 d - a +2 rapier of electrocution (weapon)
 q - a +0 blowgun
 s - a +0 dagger of venom
 w - the +6 hunting sling of the Manifold Beds {flame, rF- MR+ Int+2 SInv}
   (You found it on level 9 of the Dungeon)

   It causes projectiles fired from it to burn those they strike, causing extra
   injury to most foes and up to half again as much damage against particularly
   susceptible opponents.
   It affects your intelligence (+2).
   It makes you vulnerable to fire.
   It affects your resistance to hostile enchantments.
   It lets you see invisible.
 G - a +1 shortbow of velocity
 K - a +1 hand axe of flaming
Missiles
 g - 220 arrows
 l - 232 stones
 o - 14 tomahawks (quivered)
 x - 15 poisoned needles
 y - 3 throwing nets
 I - 82 sling bullets
 L - 56 bolts
Armour
 c - a +2 cloak of invisibility (worn)
 N - the cursed +0 scale mail of Anarchy (worn) {*Contam rC+++ Str+7 Dex-2}
   (You bought it in a shop on level 10 of the Dungeon)

   It affects your strength (+7).
   It affects your dexterity (-2).
   It renders you almost immune to cold.
   It causes magical contamination when unequipped.
   It has a curse placed upon it.
 P - a +1 pair of boots of stealth (worn)
 R - a +0 helmet of see invisible (worn)
 S - a +1 buckler of fire resistance (worn)
Magical Staves
 J - an uncursed staff of fire
Jewellery
 j - an amulet of harm (around neck)
 m - a +1 ring of protection (left hand)
 A - a +3 ring of dexterity (right hand)
 F - an uncursed amulet of guardian spirit {unknown}
 O - an uncursed ring of protection from cold {unknown}
Wands
 p - a wand of digging (8)
 B - a wand of enslavement (11)
 D - a wand of acid (7)
Scrolls
 b - 6 scrolls of teleportation
 i - a scroll of amnesia
 k - a scroll of fog
 n - 5 scrolls of remove curse
 t - 5 scrolls of blinking
 u - a scroll of immolation
Potions
 e - 2 potions of lignification
 f - 4 potions of heal wounds
 h - a potion of haste {unknown}
 r - a potion of flight
 v - 2 potions of might
 C - a potion of resistance {unknown}
 E - a potion of magic {unknown}
 M - a potion of ambrosia {unknown}
 Q - a potion of curing
Comestibles
 H - 4 rations


   Skills:
 * Level 7.6 Fighting
 * Level 5.8 Armour
 - Level 8.9 Dodging
 - Level 1.7 Stealth
 - Level 5.4 Shields
 * Level 7.1 Spellcasting
 - Level 8.5 Conjurations
 - Level 5.7 Hexes
   Level 1.0 Summonings
 - Level 0.8 Translocations


You had 6 spell levels left.
You knew the following spells:

 Your Spells              Type           Power        Failure   Level  Hunger
a - Magic Dart            Conj           ####         1%          1    None
b - Blink                 Tloc           N/A          28%         2    None
c - Conjure Flame         Conj/Fire      ####....     13%         3    None
d - Mephitic Cloud        Conj/Pois/Air  ###.....     24%         3    None
e - Dazzling Spray        Conj/Hex       #####.       4%          3    None
f - Confuse               Hex            ####....     8%          3    None
g - Tukima's Dance        Hex            ####....     8%          3    None

Your spell library contained the following spells:

 Spells                   Type           Power        Failure   Level  Hunger
 Slow                     Hex            ####....     3%          2    None
 Call Imp                 Summ           ##......     26%         2    None
 Ensorcelled Hibernation  Hex/Ice        ###...       12%         2    None
 Corona                   Hex            ####...      2%          1    None


Dungeon Overview and Level Annotations

Branches:
Dungeon (10/15)            Temple (1/1) D:4            Lair (0/6) D:9
    Orc (2/2) D:10
    Elf: Orc:2

Altars:
Ashenzari
Cheibriados
Dithmenos
Elyvilon
Fedhas
Gozag
Hepliaklqana
Kikubaaqudgha
Makhleb
Nemelex Xobeh
Okawaru
Qazlal
Ru
Sif Muna
Trog
Uskayaw
Vehumet
Wu Jian
Xom
Yredelemnul
Zin
The Shining One
Beogh

Shops:
D:10 [[

Annotations:
D:3 1 runed door, Bapho's ghost, amateur DrMo
Orc:2 Saint Roka


Innate Abilities, Weirdness & Mutations

You have sharp toenails.
You are completely covered in rugged brown scales. (AC +3, +7% HP)
You are completely covered in sharp spines.


Message History

The orc wizard is struck by your spines.
The orc wizard misses you.
You climb upwards.
There is a stone staircase leading down here.
You hit the orc wizard.
You kill the orc wizard!
You now have 716 gold pieces (gained 4).
Things that are here:
a dagger; a robe; a chain mail
There is a stone staircase leading down here.
You climb downwards.
Level annotation: Saint Roka You block the ettin's attack.
The ettin hits you with a dire flail!! The orc barely misses you.
Saint Roka mumbles some strange prayers to Beogh against you.
Beogh smites you!
* * * LOW HITPOINT WARNING * * *
The ettin hits you with a dire flail!!
You die...
Your body crumbles into a pile of gold.

### ##
##.##
##.####...#
#...#.#(.##
#.......#
##..$.)##
##..o@##
#...oC#
#...4oo#
#....)$.#
#....oo.##
##.#...$.
####.....
#..#$.
.......


You could see Saint Roka, an ettin, an orc sorcerer, a red devil, an orc
warrior, an orc priest, an orc wizard and an orc.

Vanquished Creatures
  4 two-headed ogres
  An orc knight (Orc:1)
  An elephant (D:9)
  4 trolls
  4 hippogriffs
  4 yaks (D:10)
  Eustachio (D:4)
  A wyvern (D:8)
  2 basilisks (D:9)
  Grum (D:8)
  A hungry ghost (D:10)
  4 wargs
  4 sky beasts
  21 orc warriors
  A black bear (D:8)
  3 wolves (D:8)
  4 ice beasts
  12 ogres
  6 centaurs
  A big kobold (D:9)
  4 bullfrogs
  A wyvern zombie (D:9)
  4 scorpions
  3 killer bees (D:10)
  10 wights
  2 howler monkeys (D:8)
  An electric eel (D:10)
  A bullfrog zombie (D:8)
  4 crimson imps
  A quasit (D:8)
  4 jellies
  16 orc priests
  A gnoll shaman (D:3)
  A centaur skeleton (D:5)
  5 hounds
  18 orc wizards
  Ijyb (D:5)
  5 iguanas
  8 worker ants
  A hound zombie (D:4)
  A hound skeleton (D:6)
  A worker ant zombie (D:7)
  Robin (D:2)
  13 adders
  6 gnolls
  4 shadow imps
  5 oozes (D:8)
  An adder zombie (D:4)
  2 adder skeletons (D:4)
  A worm (D:2)
  4 dart slugs
  6 leopard geckos
  78 orcs
  6 giant cockroaches
  19 goblins
  6 hobgoblins
  4 jackals
  6 kobolds
  5 quokkas
  2 ball pythons
  10 bats
  4 frilled lizards
  A giant cockroach zombie (D:4)
  2 jackal skeletons (D:4)
  2 jackal zombies (D:4)
  2 leopard gecko skeletons
  A leopard gecko zombie (D:4)
  8 rats
372 creatures vanquished.

Vanquished Creatures (collateral kills)
  2 orc warriors
  An orc wizard (Orc:1)
  3 orcs (Orc:1)
6 creatures vanquished.

Vanquished Creatures (others)
  A dancing weapon (Orc:2)
  An orc warrior (Orc:1)
  An orc (Orc:2)
  10 fungi (Orc:2)
13 creatures vanquished.

Grand Total: 391 creatures vanquished

Notes
Turn   | Place    | Note
-------+----------+-------------------------------------------
     0 | D:1      | Chiseanne the Demonspawn Wizard began the quest for the Orb.
     0 | D:1      | Reached XP level 1. HP: 13/13 MP: 4/4
   267 | D:1      | Gained mutation: You are partially covered in rugged brown scales. (AC +1, +3% HP) [demonic ancestry]
   267 | D:1      | Reached XP level 2. HP: 13/19 MP: 2/6
   810 | D:1      | Gained mutation: You are mostly covered in rugged brown scales. (AC +2, +5% HP) [demonic ancestry]
   810 | D:1      | Reached XP level 3. HP: 19/25 MP: 5/8
   885 | D:1      | Learned a level 2 spell: Blink
   889 | D:1      | Learned a level 3 spell: Conjure Flame
   893 | D:1      | Learned a level 3 spell: Mephitic Cloud
  1674 | D:2      | Reached skill level 1 in Armour
  1674 | D:2      | Gained mutation: You have sharp toenails. [demonic ancestry]
  1674 | D:2      | Reached XP level 4. HP: 22/32 MP: 1/10
  1965 | D:2      | Noticed Robin
  1974 | D:2      | Reached skill level 1 in Fighting
  2522 | D:2      | Killed Robin
  2751 | D:2      | Found a deep blue altar of Sif Muna.
  2756 | D:2      | Found a burning altar of Makhleb.
  2757 | D:2      | Found a hazy altar of Hepliaklqana.
  2757 | D:2      | Found a bloodstained altar of Trog.
  2759 | D:2      | Found a glowing silver altar of Zin.
  2761 | D:2      | Found a snail-covered altar of Cheibriados.
  3222 | D:3      | Found an opulent altar of Gozag.
  3232 | D:3      | Became a worshipper of Gozag Ym Sagoz the Greedy
  3497 | D:3      | Gained mutation: You are partially covered in sharp spines. [demonic ancestry]
  3497 | D:3      | Reached XP level 5. HP: 38/38 MP: 9/11
  4027 | D:3      | Noticed Bapho's ghost (amateur DrMo)
  4056 | D:3      | Found a runed door.
  4272 | D:4      | Learned a level 3 spell: Dazzling Spray
  4401 | D:4      | Reached skill level 5 in Spellcasting
  4494 | D:4      | Reached XP level 6. HP: 40/46 MP: 0/13
  6209 | D:4      | Gained mutation: You are mostly covered in sharp spines. [demonic ancestry]
  6209 | D:4      | Reached XP level 7. HP: 41/53 MP: 13/15
  6346 | D:4      | Found a hide-covered altar of Uskayaw.
  6350 | D:4      | Noticed a dagger
  6350 | D:4      | Noticed a dagger
  6503 | D:4      | Found a staircase to the Ecumenical Temple.
  6634 | Temple   | Entered the Ecumenical Temple
  6809 | D:5      | Entered Level 5 of the Dungeon
  6816 | D:5      | Noticed Eustachio
  6839 | D:4      | HP: 2/53 [shadow imp[Eustachio] (7)]
  6845 | D:4      | Killed Eustachio
  7318 | D:5      | Noticed Ijyb
  7320 | D:5      | Found a white marble altar of Elyvilon.
  7327 | D:5      | Killed Ijyb
  7447 | D:5      | Found a blossoming altar of Fedhas.
  7461 | D:5      | Found a shimmering altar of Xom.
  7521 | D:5      | Gained mutation: You are completely covered in sharp spines. [demonic ancestry]
  7521 | D:5      | Reached XP level 8. HP: 61/61 MP: 17/17
  8448 | D:6      | Learned a level 3 spell: Confuse
  8452 | D:6      | Learned a level 3 spell: Tukima's Dance
  9713 | D:7      | Noticed a hippogriff
  9728 | D:7      | Killed a hippogriff
  9728 | D:7      | Reached XP level 9. HP: 70/70 MP: 0/19
  9944 | D:7      | Reached skill level 5 in Fighting
  9944 | D:7      | Reached skill level 5 in Dodging
 10633 | D:7      | Found an iron altar of Okawaru.
 10771 | D:8      | Reached skill level 5 in Conjurations
 11556 | D:8      | Noticed a two-headed ogre
 11563 | D:8      | Killed a two-headed ogre
 11563 | D:8      | Gained mutation: You are completely covered in rugged brown scales. (AC +3, +7% HP) [demonic ancestry]
 11563 | D:8      | Reached XP level 10. HP: 72/81 MP: 0/20
 11944 | D:8      | Found an opulent altar of Gozag.
 12047 | D:8      | Noticed Grum
 12064 | D:8      | Killed Grum
 12352 | D:8      | Noticed a two-headed ogre
 12375 | D:8      | Killed a two-headed ogre
 12563 | D:8      | Found a snail-covered altar of Cheibriados.
 12780 | D:9      | Found a roughly hewn altar of Beogh.
 12794 | D:9      | Reached skill level 1 in Hexes
 12939 | D:9      | Found a staircase to the Lair.
 12944 | D:9      | Noticed an elephant
 12975 | D:9      | Killed an elephant
 13291 | D:9      | Noticed a two-headed ogre
 13295 | D:9      | Killed a two-headed ogre
 13295 | D:9      | Reached XP level 11. HP: 89/89 MP: 10/21
 13305 | D:9      | Found a sacrificial altar of Ru.
 13653 | D:9      | Got an ichor-stained hunting sling
 13655 | D:9      | Identified the +6 hunting sling of the Manifold Beds {flame, rF- MR+ Int+2 SInv} (You found it on level 9 of the Dungeon)
 13679 | D:9      | Found a shattered altar of Ashenzari.
 13807 | D:10     | Entered Level 10 of the Dungeon
 14136 | D:10     | Bought a jewelled scale mail for 252 gold pieces
 14147 | D:10     | Identified the cursed +0 scale mail of Anarchy {*Contam rC+++ Str+7 Dex-2} (You bought it in a shop on level 10 of the Dungeon)
 14223 | D:10     | Noticed a two-headed ogre
 14237 | D:10     | Killed a two-headed ogre
 14433 | D:10     | Reached skill level 5 in Armour
 14547 | D:10     | Reached skill level 5 in Hexes
 15117 | D:10     | Found a staircase to the Orcish Mines.
 15637 | Orc:1    | Entered Level 1 of the Orcish Mines
 15653 | D:10     | Bought a pair of embroidered boots for 225 gold pieces
 15660 | D:10     | Bought a runed helmet for 225 gold pieces
 15673 | D:10     | Bought a runed cloak for 225 gold pieces
 15680 | D:10     | Bought a glowing buckler for 225 gold pieces
 15865 | Orc:1    | Reached skill level 1 in Shields
 15976 | Orc:1    | Noticed an orc knight
 15983 | Orc:1    | Killed an orc knight
 16760 | Orc:2    | Entered Level 2 of the Orcish Mines
 16786 | Orc:2    | Noticed an orc sorcerer
 16806 | Orc:2    | Noticed an orc knight
 16806 | Orc:2    | Noticed an orc knight
 16814 | Orc:2    | Noticed an orc sorcerer
 16819 | Orc:1    | Reached skill level 5 in Shields
 17136 | Orc:2    | Noticed Saint Roka
 17502 | Orc:2    | Noticed an ettin
 17503 | Orc:2    | Noticed an orc sorcerer
 17755 | Orc:2    | Slain by an ettin

Vault maps used:
D:1:      tarquinn_simple_flora_water_a
D:2:      minitemple, grunt_decor_one_mirror, patterned_corridor, uniq_robin
D:3:      first_ration, hellmonk_ghost_happy_afterlife,
          nicolae_gozag_cash_rules_everything_around_me
D:4:      dancing_weapons_uskayaw, lemuel_temple_firewalk_b, serial_undead,
          serial_undead_d, serial_undead_b, serial_undead_d, serial_undead_a
D:5:      lemuel_coloured_pillars_altar, elyvilon_altar_4, xom_teletrap_fun,
          uniq_ijyb, uniq_eustachio
D:7:      okawaru_metal_pillars_1_2
D:8:      hangedman_little_slice_of_home, hangedman_feature_mirror, uniq_grum
D:9:      marbit_many_paths, kennysheep_mini_moat, david_lair_generic,
          special_room
D:10:     erik_orc_2, minmay_misc_feat_pillars, uniq_harold
Temple:   jpeg_temple_alley_garden
Orc:1:    nicolae_orc_flooded_monolith
Orc:2:    grunt_orc_gardens, grunt_orc_garden, grunt_orc_garden,
          grunt_orc_garden, grunt_orc_garden, uniq_saint_roka

Skill      XL: |  1  2  3  4  5  6  7  8  9 10 11 |
---------------+----------------------------------+-----
Spellcasting   | 4 5 6 7 |  7.1
Armour         | 1 2 3 4 5 |  5.8
Fighting       | 1 2 3 4 6 7 |  7.6
Dodging        | 2 4 6 8 |  8.9
Conjurations   | 3 6 7 8 |  8.5
Hexes          | 3 5 |  5.7
Shields        | 5 |  5.4
Stealth        | |  1.7
Summonings     | |  1.0
Translocations | |  0.8

Action                   |  1- 3 |  4- 6 |  7- 9 | 10-12 || total
-------------------------+-------+-------+-------+-------++-------
Melee: Dagger            |    15 |   104 |    70 |     2 ||   191
       Kick              |       |    22 |    15 |    30 ||    67
       Rapier            |       |       |     5 |    35 ||    40
       Morningstar       |       |       |    19 |   146 ||   165
 Fire: Shortbow          |       |       |       |     5 ||     5
Throw: Tomahawk          |       |       |    10 |     5 ||    15
 Cast: Magic Dart        |    94 |   229 |   281 |   257 ||   861
       Mephitic Cloud    |       |     1 |    16 |    33 ||    50
       Blink             |       |       |     3 |     8 ||    11
       Dazzling Spray    |       |       |     1 |     7 ||     8
       Conjure Flame     |       |       |    10 |    10 ||    20
       Confuse           |       |       |       |     2 ||     2
       Tukima's Dance    |       |       |       |     5 ||     5
Invok: Call Merchant     |       |       |       |     2 ||     2
Evoke: Wand              |       |       |     4 |     8 ||    12
  Use: Scroll            |     8 |     3 |     6 |     8 ||    25
       Potion            |       |       |     4 |     1 ||     5
 Stab: Confused          |       |     2 |     5 |     4 ||    11
       Invisible         |       |       |     1 |     1 ||     2
       Sleeping          |       |       |     1 |     1 ||     2
       Distracted        |       |       |       |     2 ||     2
  Eat: Chunk             |     2 |     4 |       |       ||     6
       Ration            |       |     4 |     5 |     5 ||    14
Armor: Robe              |     6 |       |       |       ||     6
       Leather armour    |     8 |    75 |    43 |    28 ||   154
       Skin              |       |       |     2 |       ||     2
       Scale mail        |       |       |       |    58 ||    58
Dodge: Dodged            |    37 |   123 |    62 |   153 ||   375
Block: Buckler           |       |       |       |    25 ||    25

Table legend:
 A = Spawn XP
 B = Non-spawn XP
 C = Spawn XP percentage of total XP
 D = Spawn monster count
 E = Non-spawn monster count
 F = Spawn count percentage of total count
 G = Total turns spent on level
                    A         B        C        D         E        F      G
               +---------+---------+-------+---------+---------+-------+---------
         Total |       0 |   20970 |   0.0 |       0 |     379 |   0.0 | 17755
               +---------+---------+-------+---------+---------+-------+---------
           D:1 |       0 |      62 |   0.0 |       0 |      28 |   0.0 |  1830
           D:2 |       0 |     132 |   0.0 |       0 |      31 |   0.0 |  1491
           D:3 |       0 |     196 |   0.0 |       0 |      18 |   0.0 |  1773
           D:4 |       0 |     782 |   0.0 |       0 |      35 |   0.0 |  2062
           D:5 |       0 |     375 |   0.0 |       0 |      15 |   0.0 |   715
           D:6 |       0 |    1051 |   0.0 |       0 |      21 |   0.0 |  1635
           D:7 |       0 |    1071 |   0.0 |       0 |      23 |   0.0 |  1202
           D:8 |       0 |    4476 |   0.0 |       0 |      52 |   0.0 |  1905
           D:9 |       0 |    3533 |   0.0 |       0 |      40 |   0.0 |  1089
          D:10 |       0 |    4507 |   0.0 |       0 |      49 |   0.0 |  2097
         Orc:1 |       0 |    4195 |   0.0 |       0 |      51 |   0.0 |  1753
         Orc:2 |       0 |     590 |   0.0 |       0 |      16 |   0.0 |    98
               +---------+---------+-------+---------+---------+-------+---------
